 Dungeon Crawl Stone Soup version 0.32-a0-913-g739538afd8 (webtiles) character file.

Game seed: 10704322011811312984

2165671 mitch45678 the Slayer (level 24, 207/207 HPs)
             Began as a Mountain Dwarf Brigand on Apr 6, 2024.
             Was a High Priest of Okawaru.
             Escaped with the Orb
             ... and 3 runes
             ... and 1 gem on Apr 7, 2024!
             The game lasted 07:09:38 (44303 turns).

mitch45678 the Slayer (Mountain Dwarf Brigand)     Turns: 44303, Time: 07:09:39

Health: 207/207    AC: 41    Str: 27    XL:     24   Next: 58%
Magic:  35/35      EV: 20    Int: 17    God:    Okawaru [*****.]
Gold:   804        SH: 27    Dex: 19    Spells: 21/23 levels left

rFire   + + .        a - +9 broad axe (heavy) {no rF+ , boots in store}
rCold   + + .        M - +2 tower shield
rNeg    + + +        N - +7 plate armour "Ifyo" {rPois rN+++ Str-5 Dex+4}
rPois   +            n - +2 helmet "Ifupt" {Will+ Str+2}
rElec   +            l - scarf {repulsion}
rCorr   .            E - +4 pair of gloves of Xastech {rElec rF+ Int+4}
SInv    .            k - +0 pair of boots {Stlth+}
Will    +++..        R - amulet of regeneration
Stlth   +            C - ring of Interdependent Arising {rC+ Str+5 Dex+6}
HPRegen 1.34/turn    v - ring of Wiot {rF+ rC+ Stlth+}
MPRegen 0.24/turn

%: repel missiles
@: heroic, hasted, very quick
A: runic magic, artefact enchanting, clumsy 1, frail 1, noise suppression,
persistent drain
0: Orb of Zot
}: 3/15 runes: serpentine, barnacled, silver
a: Renounce Religion, Heroism, Finesse, Duel


You escaped.
You worshipped Okawaru.
Okawaru was extremely pleased with you.
You visited 10 branches of the dungeon, and saw 48 of its levels.
You visited the Abyss 2 times.
You also visited: Gauntlet and Ice Cave.

You collected 5803 gold pieces.
You spent 4999 gold pieces at shops.


Innate Abilities, Weirdness & Mutations

Your spellcasting is much less encumbered by armour.
You can use scrolls of enchantment on lesser artefacts.
You are clumsy. (Dex -2)
You are frail. (-10% HP)
You passively dampen the noise of your surroundings.
Your health recovers twice as slowly from being drained.


   Skills:
 - Level 22.0(27) Fighting
 - Level 4.0(9.0) Short Blades
 - Level 21.8(27) Axes
 - Level 3.5(19.8) Maces & Flails
 - Level 3.0(8.0) Throwing
 - Level 22.0(27) Armour
 - Level 16.0(21.0) Dodging
 - Level 2.9(7.9) Stealth
 - Level 21.0(26.0) Shields
 + Level 16.8 Invocations
 - Level 3.0 Evocations


You had 21 spell levels left.
You knew the following spells:

 Your Spells              Type           Power      Damage    Failure   Level
k - Blink                 Tloc           0%         N/A       45%         2

Your spell library contained the following spells:

 Spells                   Type           Power      Damage    Failure   Level
 Freeze                   Ice            0%         1d3       32%         1
 Kiss of Death            Conj/Necr      0%         2d5       32%         1
 Magic Dart               Conj           0%         1d3       32%         1
 Necrotise                Necr           0%         1d4       32%         1
 Sandblast                Erth           0%         2d4       32%         1
 Shock                    Conj/Air       0%         1d3       32%         1
 Cigotuvi's Dreadful Rot  Necr/Alch/Air  0%         N/A       45%         2
 Ensorcelled Hibernation  Hex/Ice        0%         N/A       45%         2
 Jinxbite                 Hex            0%         N/A       45%         2
 Lesser Beckoning         Tloc           0%         N/A       45%         2
 Momentum Strike          Conj/Tloc      0%         3d8       45%         2
 Scorch                   Fire           0%         2d5       45%         2
 Searing Ray              Conj           0%         2d4       45%         2
 Static Discharge         Conj/Air       0%         3-3/arc   45%         2
 Confusing Touch          Hex            0%         N/A       69%         3
 Dazzling Flash           Conj/Hex       0%         N/A       69%         3
 Frozen Ramparts          Ice            0%         1d1       69%         3
 Fugue of the Fallen      Necr           0%         N/A       69%         3
 Hailstorm                Conj/Ice       0%         3d5       69%         3
 Inner Flame              Hex/Fire       0%         N/A       69%         3
 Mephitic Cloud           Conj/Alch/Air  0%         N/A       69%         3
 Ozocubu's Armour         Ice            0%         N/A       69%         3
 Sigil of Binding         Hex            0%         N/A       69%         3
 Stone Arrow              Conj/Erth      0%         3d7       69%         3
 Swiftness                Air            0%         N/A       69%         3
 Teleport Other           Tloc           0%         N/A       69%         3
 Vampiric Draining        Necr           0%         2d6       69%         3
 Airstrike                Air            0%         2d(0-16)  97%         4
 Anguish                  Hex/Necr       0%         N/A       97%         4
 Brom's Barrelling Bould  Conj/Erth      0%         2d3       97%         4
 Cause Fear               Hex            0%         N/A       97%         4
 Dimensional Bullseye     Hex/Tloc       0%         N/A       97%         4
 Dispel Undead            Necr           0%         3d6       97%         4
 Flame Wave               Conj/Fire      0%         2d4       97%         4
 Fulminant Prism          Conj/Alch      0%         3d5       97%         4
 Leda's Liquefaction      Alch/Erth      0%         N/A       97%         4
 Olgreb's Toxic Radiance  Alch           0%         N/A       97%         4
 Passage of Golubria      Tloc           0%         N/A       97%         4
 Sticky Flame             Fire/Alch      0%         2d4       97%         4
 Vhi's Electric Charge    Tloc/Air       0%         N/A       97%         4
 Arcjolt                  Conj/Air       0%         1d10      100%        5
 Borgnjor's Vile Clutch   Necr/Erth      0%         N/A       100%        5
 Curse of Agony           Necr           0%         N/A       100%        5
 Fireball                 Conj/Fire      0%         3d3       100%        5
 Iskenderun's Battlesphe  Conj           0%         2d6       100%        5
 Lee's Rapid Deconstruct  Erth           0%         3d4*      100%        5
 Silence                  Hex/Air        0%         N/A       100%        5
 Yara's Violent Unravell  Hex/Alch       0%         3d3       100%        5
 Bombard                  Conj/Erth      0%         9d1       100%        6
 Conjure Ball Lightning   Conj/Air       0%         3x3d6     100%        6
 Dispersal                Tloc           0%         N/A       100%        6
 Eringya's Noxious Bog    Alch           0%         4d6       100%        6
 Gell's Gavotte           Tloc           0%         2d(11-16) 100%        6
 Permafrost Eruption      Ice/Erth       0%         2x4d1     100%        6
 Plasma Beam              Fire/Air       0%         2x1d10    100%        6
 Enfeeble                 Hex            0%         N/A       100%        7
 Manifold Assault         Tloc           0%         N/A       100%        7
 Ozocubu's Refrigeration  Ice            0%         4d7       100%        7
 Borgnjor's Revivificati  Necr           0%         N/A       100%        8
 Discord                  Hex            0%         N/A       100%        8
 Lehudib's Crystal Spear  Conj/Erth      0%         10d2      100%        8
 Death's Door             Necr           0%         N/A       100%        9
 Call Imp                 Summ           Unusable   N/A       N/A         2
 Animate Armour           Summ/Erth      Unusable   N/A       N/A         4
 Animate Dead             Necr           Unusable   N/A       N/A         4
 Martyr's Knell           Necr/Summ      Unusable   N/A       N/A         4
 Summon Lightning Spire   Summ/Air       Unusable   N/A       N/A         4
 Summon Forest            Summ/Tloc      Unusable   N/A       N/A         5
 Death Channel            Necr           Unusable   N/A       N/A         6
 Sculpt Simulacrum        Ice/Alch       Unusable   N/A       N/A         6
 Summon Cactus Giant      Summ           Unusable   N/A       N/A         6
 Haunt                    Necr/Summ      Unusable   N/A       N/A         7
 Monstrous Menagerie      Summ           Unusable   N/A       N/A         7
 Spellforged Servitor     Conj/Summ      Unusable   N/A       N/A         7
 Summon Hydra             Summ           Unusable   N/A       N/A         7
 Dragon's Call            Summ           Unusable   N/A       N/A         9

Inventory:

Hand Weapons
 a - a +9 heavy broad axe (weapon) {no rF+ , boots in store}
   (Okawaru gifted it to you on level 4 of the Lair of Beasts)
 H - a +1 broad axe of flaming {+7 slaying ring 1863g A3}
   (You took it off a vault warden on level 1 of the Vaults)
Missiles
 b - 40 boomerangs {arte ring ghost vault D4}
 h - 8 curare-tipped darts
 q - 27 javelins (quivered)
 K - 3 throwing nets
 S - 14 silver javelins
Armour
 d - a scarf of resistance
   (You bought it in a shop on level 1 of the Snake Pit)
 f - +0 gold dragon scales
   (You found it on level 4 of the Depths)
 k - a +0 pair of boots of stealth (worn)
   (You bought it in a shop on level 1 of the Snake Pit)
 l - a scarf of repulsion (worn)
   (You found it on level 3 of the Depths)
 n - the +2 helmet "Ifupt" (worn) {Will+ Str+2}
   (You found it on level 5 of the Vaults)

   Str+2:     It affects your strength (+2).
   Will+:     It increases your willpower.
 E - the +4 pair of gloves of Xastech (worn) {rElec rF+ Int+4}
   (You found it on level 5 of the Lair of Beasts)

   Int+4:     It affects your intelligence (+4).
   rF+:       It protects you from fire.
   rElec:     It insulates you from electricity.
 F - a +0 cloak of preservation
   (You bought it in a shop on level 2 of the Orcish Mines)
 M - a +2 tower shield (worn)
   (You found it on level 5 of the Lair of Beasts)
 N - the +7 plate armour "Ifyo" (worn) {rPois rN+++ Str-5 Dex+4}
   (Okawaru gifted it to you on level 1 of the Depths)

   Str-5:     It affects your strength (-5).
   Dex+4:     It affects your dexterity (+4).
   rPois:     It protects you from poison.
   rN+++:     It renders you almost immune to negative energy.
Jewellery
 p - a ring of poison resistance
   (You found it on level 3 of the Lair of Beasts)
 v - the ring of Wiot (right hand) {rF+ rC+ Stlth+}
   (You found it on level 4 of the Depths)

   [ring of protection from fire]

   rF+:       It protects you from fire.
   rC+:       It protects you from cold.
   Stlth+:    It makes you more stealthy.
 C - the ring of Interdependent Arising (left hand) {rC+ Str+5 Dex+6}
   (You found it in a Gauntlet)

   [ring of dexterity]

   Str+5:     It affects your strength (+5).
   Dex+6:     It affects your dexterity (+6).
   rC+:       It protects you from cold.
 I - the ring of Hiqy {Will++ Str+6 SInv}
   (You took it off a spriggan air mage on level 2 of the Depths)

   [ring of strength]

   Str+6:     It affects your strength (+6).
   Will++:    It greatly increases your willpower.
   SInv:      It lets you see invisible.
 O - the ring of Ohokyt {rF++ rN+ rCorr Int-3}
   (You bought it in a shop on level 3 of the Shoals)

   [ring of positive energy]

   Int-3:     It affects your intelligence (-3).
   rF++:      It greatly protects you from fire.
   rN+:       It protects you from negative energy.
   rCorr:     It protects you from acid and corrosion.
 R - an amulet of regeneration (around neck)
   (You took it off a fire giant on level 2 of the Depths)
 T - a ring of flight
   (You bought it in a shop on level 2 of the Orcish Mines)
 V - a +5 ring of evasion {+7 slaying ring 1863g A3}
   (You found it on level 1 of the Shoals)
Wands
 e - a wand of digging (11)
   (You found it in a Gauntlet)
 L - a wand of quicksilver (11)
   (You found it on level 11 of the Dungeon)
Scrolls
 r - 3 scrolls of fear
 w - 7 scrolls of fog
 x - 3 scrolls of blinking
 z - 2 scrolls of silence
 X - 3 scrolls of teleportation
Potions
 i - 6 potions of curing
 j - 2 potions of haste
 m - 6 potions of cancellation
 o - 4 potions of heal wounds
 s - 3 potions of mutation {!q}
 t - 3 potions of magic
 A - 3 potions of invisibility
 B - a potion of berserk rage
 G - 3 potions of might
 J - 5 potions of enlightenment
 Q - 2 potions of resistance
 U - 4 potions of ambrosia
Miscellaneous
 g - a lightning rod (4/4)
   (You found it in a Gauntlet)
 u - a phial of floods
   (You found it on level 4 of the Vaults)
 D - a condenser vane
   (You found it in an ice cave)

Dungeon Overview and Level Annotations

Branches:
Dungeon (15/15)            Temple (1/1) D:7            Lair (5/5) D:11
 Shoals (4/4) Lair:2        Snake (4/4) Lair:2        Slime (0/5) Lair:5
    Orc (2/2) D:10            Elf (3/3) Orc:2        Vaults (5/5) D:13
  Crypt (0/3) Vaults:3     Depths (4/4) D:15            Zot (5/5) Depths:4
  IceCv (visited)         Gauntlet (visited)

Altars:
Ashenzari
Cheibriados
Dithmenos
Elyvilon
Fedhas
Gozag
Hepliaklqana
Kikubaaqudgha
Makhleb
Nemelex Xobeh
Okawaru
Qazlal
Ru
Sif Muna
Trog
Uskayaw
Vehumet
Wu Jian
Xom
Yredelemnul
Zin
The Shining One
Jiyva

Shops:
D:6 [   D:14 *   Orc:1 [   Orc:2 =*[(   Elf:3 :   Shoals:3 *=   Snake:1 [(
Vaults:1 (([   Vaults:3 ?**!   Depths:1 :   Depths:2 ?

Portals:
Hell: Depths:1 Depths:2 Depths:3 Depths:4
Abyss: Depths:3
Pandemonium: Depths:1 Depths:2
Ziggurat: Depths:2
Trove: Elf:1 (give +2 shadow dragon scales)

Annotations:
D:4 exclusion: downstairs
D:8 1 runed translucent door
Lair:4 exclusion: 2 oklob plants
Lair:5 3 runed translucent doors, Tollund's ghost, journeyman TrFi
Snake:3 3 runed translucent doors, Goceubra's ghost, journeyman CoFi
Elf:2 3 runed translucent doors, exclusion: 3 doors
Depths:2 exclusions: 2 eyes of devastation and 2 great orbs of eyes
Depths:3 exclusion: neqoxec
Zot:1 exclusion: downstairs, Tiamat
Zot:2 exclusion: upstairs
Zot:4 1 transporter
Zot:5 exclusion: upstairs


Message History

You have escaped!

There were no monsters in sight!

Vanquished Creatures
  2 orbs of fire (Zot:5)
  A dread lich (Zot:5)
  An ancient lich (Zot:5)
  A juggernaut (Depths:4)
  The ghost of Eluafa Diuxt the Heavyweight Champion, a veteran TrGl of Wu Jian (Depths:4)
  Sojobo (Vaults:4)
  5 Killer Klowns
  4 curse toes
  8 golden dragons
  A bone dragon (Depths:4)
  A Brimstone Fiend (D:13)
  An electric golem (Zot:5)
  2 hellephants (Depths:2)
  10 tentacled monstrosities
  23 Orb Guardians
  Rupert (Lair:4)
  2 titans
  2 liches
  An Ice Fiend (D:15)
  2 deep elf blademasters (Elf:3)
  2 deep elf master archers (Elf:3)
  4 sphinxes
  Frances (Elf:1)
  4 quicksilver dragons
  4 death cobs
  An Executioner (D:1)
  A tentacled starspawn (Abyss:3)
  Agnes (Snake:3)
  6 tengu reavers
  8 storm dragons
  6 shadow dragons
  Donald (Shoals:1)
  A draconian knight (Zot:3)
  Gastronok (Lair:2)
  Roxanne (Shoals:2)
  Kirke (Lair:5)
  3 protean progenitors (Zot:1)
  A draconian monk (Depths:4)
  6 nagarajas
  6 frost giants
  A ghost moth (Zot:2)
  9 fire giants
  6 deep elf sorcerers
  20 vault wardens
  2 draconian scorchers (Zot:4)
  3 draconian shifters
  A balrug (Depths:1)
  3 deep elf elementalists
  3 cacodemons
  17 ironbound preservers
  An angel (D:7)
  3 draconian annihilators
  7 ironbound thunderhulks
  A draconian stormcaller (Zot:3)
  An orc warlord (Orc:2)
  14 stone giants
  A demonspawn corrupter (Zot:4)
  A white draconian (Depths:4)
  8 deep elf death magi
  3 formless jellyfish
  19 very ugly things
  4 war gargoyles
  A yellow draconian (Zot:3)
  11 deep elf demonologists
  3 black draconians
  14 spark wasps
  3 red draconians
  A green draconian (Zot:3)
  4 purple draconians
  9 deep elf annihilators
  4 minotaurs
  18 dire elephants
  8 ettins
  6 blizzard demons
  2 merfolk javelineers
  6 deep elf high priests
  A fire dragon (shapeshifter) (Vaults:5)
  A green death (Depths:3)
  3 entropy weavers
  11 yaktaur captains
  9 fire dragons
  7 merfolk impalers
  An entropy weaver (shapeshifter) (D:11)
  4 great orbs of eyes
  6 rakshasas
  6 ice dragons
  36 vault guards
  6 ogre magi
  A spriggan air mage (Depths:2)
  3 hydras
  A caustic shrike simulacrum (IceCv)
  2 alligator snapping turtles
  A sphinx zombie (Depths:1)
  Erolcha (Orc:1)
  3 peacekeepers
  7 salamander tyrants
  2 merfolk avatars (Shoals:4)
  3 catoblepae (Lair:5)
  A radroach (shapeshifter) (Vaults:4)
  10 centaur warriors
  2 death knights (D:15)
  4 boulder beetles
  4 ironbound frosthearts
  8 anacondas
  20 dancing weapons
  A merfolk aquamancer (Shoals:2)
  16 satyrs
  4 tengu warriors
  A deep troll shaman (Depths:1)
  14 two-headed ogres
  3 vampire magi
  3 orc high priests (Orc:2)
  13 death yaks (Lair:5)
  5 hell hogs
  13 naga warriors
  9 deep troll earth magi
  7 naga sharpshooters
  A spriggan berserker (Depths:1)
  7 shock serpents
  The ghost of TacoSundae the Toxicologist, a journeyman SpAl of Vehumet (D:11)
  3 occultists (Depths:3)
  7 sun demons
  9 hell knights
  5 iron trolls
  10 deep elf knights
  6 skysharks
  15 deep elf archers
  4 sixfirhies
  4 skeletal warriors (D:14)
  An orb spider (shapeshifter) (Depths:4)
  4 flayed ghosts
  A quicksilver dragon simulacrum (Depths:1)
  A glowing orange brain (shapeshifter) (Vaults:4)
  4 salamander mystics
  14 sea snakes
  8 glowing orange brains
  11 arcanists
  45 deep trolls
  21 ironbound convokers
  5 naga ritualists
  4 lindwurms
  10 orc knights
  5 mana vipers
  2 orange crystal statues (IceCv)
  2 phantasmal warriors
  A harpy (shapeshifter) (Elf:1)
  23 deep elf pyromancers
  17 harpies
  Pikel (D:7)
  5 thermic dynamos
  A wolf spider (Gauntlet)
  2 obsidian bats (Orc:1)
  18 deep elf zephyrmancers
  A shining eye (shapeshifter) (Vaults:5)
  A necromancer (Depths:1)
  12 fauns
  41 ugly things
  4 orc sorcerers (Orc:2)
  A large abomination (Zot:4)
  7 salamanders
  12 cyclopes
  A fire giant skeleton (Depths:1)
  8 moths of wrath
  A moth of wrath (shapeshifter) (Depths:4)
  17 manticores
  An elephant (shapeshifter) (Vaults:5)
  6 kobold blastminers
  A torpor snail (Lair:2)
  32 black mambas
  4 merfolk sirens
  A water nymph (shapeshifter) (Vaults:5)
  Joseph (D:8)
  10 naga magi
  16 vault sentinels
  9 water nymphs
  An apocalypse crab (Abyss:3)
  8 guardian serpents
  4 smoke demons
  4 gargoyles
  11 cane toads
  2 kobold demonologists
  4 rime drakes
  2 komodo dragons
  4 orange demons
  An unseen horror (D:11)
  An unseen horror (shapeshifter) (D:11)
  Jeremiah (D:7)
  An efreet (D:15)
  12 yaktaurs
  5 freezing wraiths (IceCv)
  2 anaconda simulacra (IceCv)
  A golden dragon simulacrum (IceCv)
  A red devil (Depths:3)
  An ice devil (Depths:3)
  4 tengu conjurers
  7 trolls
  4 hellwings
  A merfolk (shapeshifter) (Vaults:5)
  A hornet (D:10)
  3 glass eyes
  17 merfolk
  4 polar bears
  A jumping spider (Gauntlet)
  4 wind drakes
  2 alligator simulacra (IceCv)
  Prince Ribbit (D:8)
  14 dream sheep
  17 blink frogs
  An air elemental (Elf:1)
  7 snapping turtles
  19 slime creatures
  A centaur simulacrum (D:13)
  A vampire (D:10)
  22 water elementals
  A shadow (D:11)
  4 wyverns
  8 basilisks
  2 wraiths
  48 yaks
  3 ynoxinuls
  2 humans (shapeshifter)
  A hog (Lair:5)
  2 dire elephant simulacra (IceCv)
  6 fire elementals
  Grum (Lair:1)
  2 steam dragons
  6 humans (Lair:5)
  5 wargs
  3 redbacks (Vaults:2)
  A neqoxec (D:11)
  6 vampire mosquitoes
  Menkaure (D:7)
  A small abomination (Abyss:2)
  25 nagas
  3 harpy simulacra (IceCv)
  A swamp worm (shapeshifter) (Vaults:5)
  2 hydra simulacra (IceCv)
  3 acid dragons
  16 water moccasins
  25 orc warriors
  3 ice beasts
  6 black bears
  3 boggarts (Vaults:2)
  7 centaurs
  2 ettin simulacra (IceCv)
  12 ogres
  15 wolves
  A phantom (D:4)
  24 bullfrogs
  A bullfrog (shapeshifter) (D:11)
  An earth elemental (Elf:1)
  A gnoll sergeant (D:4)
  3 scorpions
  16 wights
  13 killer bees
  6 howler monkeys
  4 jellies
  A bombardier beetle (D:5)
  A quasit (Abyss:2)
  Crazy Yiuf (D:2)
  2 gnoll boudas
  22 orc priests
  4 hounds
  3 sleepcaps
  Jessica (D:2)
  Terence (D:3)
  3 iguanas (D:5)
  20 orc wizards
  14 gnolls
  11 adders
  A shadow imp (D:6)
  3 white imps
  3 dart slugs
  4 ribbon worms
  50 orcs
  8 ball pythons
  11 endoplasms
  6 giant cockroaches
  13 hobgoblins
  8 jackals
  4 quokkas
  5 bats
  3 frilled lizards
  6 goblins
  10 kobolds
  8 rats
  A starspawn tentacle (Abyss:3)
1786 creatures vanquished.

Vanquished Creatures (others)
  A draconian knight (Zot:4)
  A fire giant (Depths:2)
  A yaktaur captain (Vaults:5)
  A deep elf knight (Elf:3)
  An ugly thing (Depths:2)
  2 manticores
  An orc warrior (Vaults:5)
  An ogre (Vaults:5)
  An orc (D:11)
  A starspawn tentacle (Abyss:3)
11 creatures vanquished.

Grand Total: 1797 creatures vanquished

Notes
Turn   | Place    | Note
-------+----------+-------------------------------------------
     0 | D:1      | mitch45678 the Mountain Dwarf Brigand began the quest for
                  | the Orb.
     0 | D:1      | Reached XP level 1. HP: 17/17 MP: 1/1
    63 | D:1      | Reached skill level 2 in Short Blades
   102 | D:1      | Reached XP level 2. HP: 25/25 MP: 2/2
   185 | D:1      | Reached skill level 3 in Fighting
   314 | D:1      | Reached XP level 3. HP: 26/31 MP: 3/3
   480 | D:2      | Noticed Jessica
   490 | D:2      | Killed Jessica
   491 | D:2      | Reached skill level 2 in Throwing
   491 | D:2      | Reached skill level 4 in Fighting
   633 | D:2      | Reached XP level 4. HP: 15/40 MP: 4/4
   753 | D:2      | Reached skill level 1 in Shields
   971 | D:2      | Reached skill level 2 in Shields
  1008 | D:2      | Found a faded altar of an unknown god.
  1008 | D:2      | Noticed a Tzitzimitl
  1075 | D:2      | Found a runed translucent door.
  1076 | D:2      | Noticed Crazy Yiuf
  1084 | D:2      | Killed Crazy Yiuf
  1085 | D:2      | Reached XP level 5. HP: 46/46 MP: 5/5
  1202 | D:3      | Noticed Terence
  1495 | D:3      | Found a snail-covered altar of Cheibriados.
  1665 | D:3      | Reached skill level 3 in Shields
  1677 | D:3      | Reached skill level 3 in Throwing
  1706 | D:3      | Identified the +8 dagger of the Rattlesnake {venom, rN+}
  2185 | D:3      | Killed Terence
  2186 | D:3      | Reached skill level 1 in Dodging
  2257 | D:4      | Reached XP level 6. HP: 40/52 MP: 6/6
  2305 | D:4      | Found a white marble altar of Elyvilon.
  2350 | D:4      | Reached skill level 3 in Short Blades
  2784 | D:4      | Reached skill level 5 in Fighting
  3216 | D:5      | Entered Level 5 of the Dungeon
  3220 | D:5      | Reached XP level 7. HP: 61/61 MP: 7/7
  3241 | D:5      | Reached skill level 4 in Short Blades
  3408 | D:5      | Found a basalt altar of Yredelemnul.
  3424 | D:5      | Reached skill level 1 in Armour
  3443 | D:5      | Reached skill level 2 in Armour
  3482 | D:5      | Reached skill level 3 in Armour
  3643 | D:5      | Reached skill level 4 in Armour
  3643 | D:5      | Reached skill level 1 in Evocations
  3690 | D:4      | Reached skill level 2 in Evocations
  3854 | D:5      | Reached XP level 8. HP: 59/68 MP: 8/8
  3937 | D:5      | Identified the +0 robe of Cowardice {+Blink rCorr Str+3}
  3989 | D:5      | Reached skill level 3 in Evocations
  4021 | D:5      | Reached skill level 5 in Armour
  4080 | D:6      | Found Iheto's Armour Shop.
  4218 | D:6      | Reached skill level 6 in Armour
  4221 | D:6      | Found a shadowy altar of Dithmenos.
  4304 | D:6      | HP: 14/68 [wraith (5)]
  4306 | D:6      | Reached skill level 3 in Axes
  4655 | D:7      | Reached skill level 4 in Axes
  4786 | D:7      | Noticed Menkaure
  4802 | D:7      | Killed Menkaure
  4803 | D:7      | Reached skill level 6 in Fighting
  4803 | D:7      | Reached skill level 5 in Axes
  4812 | D:7      | Noticed Pikel
  4891 | D:6      | Reached XP level 9. HP: 46/75 MP: 9/9
  5156 | D:7      | Reached skill level 6 in Axes
  5180 | D:7      | Reached skill level 7 in Fighting
  5303 | D:7      | Reached skill level 7 in Axes
  5320 | D:7      | Reached skill level 1 in Maces & Flails
  5323 | D:7      | Reached skill level 2 in Maces & Flails
  5331 | D:7      | Reached skill level 3 in Maces & Flails
  5417 | D:7      | Found a staircase to the Ecumenical Temple.
  5422 | D:7      | Noticed Jeremiah
  5426 | Temple   | Entered the Ecumenical Temple
  5499 | Temple   | Became a worshipper of Warmaster Okawaru
  5595 | D:7      | Killed Jeremiah
  5596 | D:7      | Reached skill level 8 in Axes
  5683 | D:7      | Killed Pikel
  5684 | D:7      | Reached skill level 9 in Axes
  5740 | D:6      | Bought a +2 chain mail of poison resistance for 240 gold
                  | pieces
  6036 | D:8      | Reached * piety under Okawaru
  6037 | D:8      | Reached skill level 10 in Axes
  6057 | D:8      | Reached skill level 1 in Invocations
  6082 | D:8      | Reached skill level 2 in Invocations
  6114 | D:8      | Noticed Joseph
  6126 | D:8      | Killed Joseph
  6127 | D:8      | Reached skill level 3 in Invocations
  6127 | D:8      | Reached XP level 10. HP: 44/86 MP: 10/12
  6139 | D:8      | Noticed Prince Ribbit
  6151 | D:8      | Killed Prince Ribbit
  6152 | D:8      | Reached skill level 4 in Invocations
  6197 | D:8      | Reached skill level 5 in Invocations
  6459 | D:8      | Found a runed translucent door.
  6615 | D:9      | Reached skill level 6 in Invocations
  6713 | D:9      | Found a blossoming altar of Fedhas.
  6726 | D:9      | Identified the +1 leather armour of Jeugrusi {Harm rN+
                  | SInv}
  6764 | D:9      | Reached ** piety under Okawaru
  6787 | D:9      | Reached skill level 11 in Axes
  6910 | D:9      | Reached *** piety under Okawaru
  7015 | D:9      | Noticed a two-headed ogre
  7021 | D:9      | Reached skill level 12 in Axes
  7022 | D:9      | Killed a two-headed ogre
  7261 | D:9      | Found a glowing golden altar of the Shining One.
  7411 | D:10     | Entered Level 10 of the Dungeon
  7622 | D:10     | Reached **** piety under Okawaru
  7680 | D:10     | Found a staircase to the Orcish Mines.
  7793 | D:10     | Reached skill level 7 in Invocations
  7879 | D:10     | Reached XP level 11. HP: 30/92 MP: 16/16
  8567 | D:10     | Reached skill level 7 in Armour
  8586 | D:10     | Reached skill level 8 in Fighting
  8586 | D:10     | Reached skill level 8 in Invocations
  8820 | D:11     | Found a staircase to the Lair.
  8843 | D:11     | Reached skill level 8 in Armour
  8883 | D:11     | Found a gate leading to a gauntlet.
  8895 | Gauntlet | Entered a Gauntlet
  8895 | Gauntlet | Noticed a green death
  8895 | Gauntlet | Found a transporter.
  8895 | Gauntlet | Found a transporter.
  8899 | Gauntlet | Found a transporter.
  8901 | Gauntlet | Found a transporter.
  8909 | Gauntlet | Noticed a wolf spider
  8910 | Gauntlet | Noticed an entropy weaver
  8921 | Gauntlet | Found a transporter.
  8974 | Gauntlet | Found a transporter.
  8985 | Gauntlet | Found a transporter.
  9004 | Gauntlet | Found a transporter.
  9014 | Gauntlet | Found a transporter.
  9028 | Gauntlet | Found a transporter.
  9043 | Gauntlet | Found a transporter.
  9051 | Gauntlet | Found a transporter.
  9116 | Gauntlet | Identified the ring of Interdependent Arising {rC+ Str+5
                  | Dex+6}
  9131 | Gauntlet | Killed a wolf spider
  9132 | Gauntlet | Reached skill level 9 in Fighting
  9141 | Gauntlet | Killed an entropy weaver
  9142 | Gauntlet | Reached skill level 9 in Armour
  9146 | Gauntlet | Identified the +0 cloak of Gozag's Reproof {rF- MP+9 Str+7
                  | Dex-3}
  9148 | Gauntlet | F
  9169 | Gauntlet | Noticed a minotaur
  9179 | Gauntlet | Killed a minotaur
  9179 | Gauntlet | Reached ***** piety under Okawaru
  9180 | Gauntlet | Reached skill level 2 in Dodging
  9227 | D:11     | Found a runed translucent gate.
  9227 | D:11     | Found a runed translucent gate.
  9227 | D:11     | Found a runed translucent gate.
  9235 | D:11     | Reached skill level 3 in Dodging
  9240 | D:11     | Noticed a brown ugly thing
  9240 | D:11     | Noticed a brown ugly thing
  9244 | D:11     | Noticed a red ugly thing
  9382 | D:11     | Reached skill level 4 in Dodging
  9789 | D:11     | Received a gift from Okawaru
 10061 | Lair:1   | Entered Level 1 of the Lair of Beasts
 10117 | Lair:1   | Reached XP level 12. HP: 104/104 MP: 18/18
 10156 | Lair:1   | Reached skill level 10 in Armour
 10156 | Lair:1   | Reached skill level 5 in Dodging
 10224 | Lair:1   | Noticed a five-headed hydra
 10237 | Lair:1   | Killed a five-headed hydra
 10270 | Lair:1   | Reached skill level 13 in Axes
 10283 | Lair:1   | Reached skill level 9 in Invocations
 10434 | Lair:1   | Noticed Grum
 10470 | Lair:1   | Killed Grum
 10616 | Lair:1   | Identified the scarf of Amorous Life {shadows, rPois Str+4}
 10674 | Lair:1   | Reached skill level 14 in Axes
 10680 | Lair:1   | Received a gift from Okawaru
 11000 | Lair:2   | Reached skill level 15 in Axes
 11021 | Lair:2   | Found a staircase to the Shoals.
 11142 | Lair:2   | Noticed Gastronok
 11154 | Lair:2   | Reached skill level 16 in Axes
 11176 | Lair:2   | Killed Gastronok
 11249 | Lair:2   | Received a gift from Okawaru
 11254 | Lair:2   | Reached XP level 13. HP: 95/111 MP: 19/19
 11357 | Lair:2   | Found a staircase to the Snake Pit.
 11398 | Lair:2   | Reached skill level 17 in Axes
 12262 | Lair:4   | Reached ****** piety under Okawaru
 12264 | Lair:4   | Acquired a +1 broad axe of holy wrath
 12264 | Lair:4   | Received a gift from Okawaru
 12265 | Lair:4   | uninspiring choices
 12397 | Lair:4   | Noticed Rupert
 12397 | Lair:4   | Paralysed by Rupert for 5 turns
 12417 | Lair:4   | Killed Rupert
 12417 | Lair:4   | Received a gift from Okawaru
 12418 | Lair:4   | Reached skill level 10 in Fighting
 12820 | Lair:5   | Entered Level 5 of the Lair of Beasts
 12820 | Lair:5   | Found a snail-covered altar of Cheibriados.
 12826 | Lair:5   | Reached skill level 11 in Fighting
 12917 | Lair:5   | Reached skill level 12 in Fighting
 12989 | Lair:5   | HP: 24/119 [catoblepas (13)]
 12996 | Lair:5   | Reached skill level 13 in Fighting
 12997 | Lair:5   | lol
 13014 | Lair:5   | HP: 29/122 [manticore (3)]
 13019 | Lair:5   | HP: 7/122 [manticore (13)]
 13156 | Lair:5   | Reached XP level 14. HP: 67/129 MP: 20/20
 13211 | Lair:5   | Noticed Kirke
 13222 | Lair:5   | Killed Kirke
 13222 | Lair:5   | Received a gift from Okawaru
 13225 | Lair:5   | Reached skill level 14 in Fighting
 13236 | Lair:5   | HP: 33/132 [death yak (2)]
 13412 | Lair:5   | Got an earthy gem with 462 turns to spare
 13416 | Lair:5   | Identified the +4 pair of gloves of Xastech {rElec rF+
                  | Int+4}
 13626 | Lair:5   | Found a viscous altar of Jiyva.
 13637 | Lair:5   | Found a staircase to the Slime Pits.
 13690 | Lair:5   | Reached skill level 15 in Fighting
 13731 | Lair:5   | Found a runed translucent gate.
 13731 | Lair:5   | Found a runed translucent gate.
 13731 | Lair:5   | Found a runed translucent gate.
 13732 | Lair:5   | Noticed Tollund's ghost (journeyman TrFi)
 14086 | D:12     | Reached skill level 4 in Shields
 14185 | D:12     | Received a gift from Okawaru
 14324 | D:12     | Learned a level 2 spell: Blink
 14420 | D:12     | Reached skill level 5 in Shields
 14915 | D:13     | Reached skill level 6 in Shields
 15016 | D:13     | Reached skill level 7 in Shields
 15221 | D:13     | Received a gift from Okawaru
 15454 | D:13     | Reached skill level 8 in Shields
 15492 | D:13     | Paralysed by an ogre mage for 3 turns
 15511 | D:13     | Found a gate to the Vaults.
 15514 | D:13     | Reached skill level 9 in Shields
 15551 | D:15     | Entered Level 15 of the Dungeon
 15564 | D:15     | HP: 33/135 [purple ugly thing (15)]
 15658 | D:15     | Reached skill level 10 in Shields
 15723 | D:15     | Received a gift from Okawaru
 16054 | D:13     | Reached skill level 11 in Shields
 16054 | D:13     | Reached XP level 15. HP: 135/141 MP: 21/21
 16297 | D:14     | Reached skill level 12 in Shields
 16306 | D:14     | HP: 32/141 [troll (6)]
 16327 | D:14     | HP: 25/141 [boulder beetle (14)]
 16351 | D:14     | Received a gift from Okawaru
 16362 | D:14     | Found Xaschiashru's Assorted Antiques.
 16861 | D:15     | Reached skill level 13 in Shields
 16980 | D:15     | Found a staircase to the Depths.
 17217 | D:15     | Received a gift from Okawaru
 17671 | Orc:1    | Entered Level 1 of the Orcish Mines
 17680 | Orc:1    | Found Qogeath's Armour Shoppe.
 17748 | Orc:1    | Reached skill level 14 in Shields
 17806 | Orc:2    | Entered Level 2 of the Orcish Mines
 17864 | Orc:2    | Reached skill level 6 in Dodging
 17876 | Orc:2    | Found a staircase to the Elven Halls.
 18003 | Orc:2    | Received a gift from Okawaru
 18012 | Orc:2    | Reached skill level 11 in Armour
 18071 | Orc:1    | Noticed Erolcha
 18079 | Orc:1    | Killed Erolcha
 18303 | Orc:2    | Reached skill level 12 in Armour
 18629 | Orc:2    | Found Ykuate's General Store.
 18630 | Orc:2    | Found Jyta's Jewellery Shop.
 18631 | Orc:2    | Found Ruluy's Antique Armour Shop.
 18631 | Orc:2    | Found Facam's Antique Weapon Boutique.
 18646 | Orc:2    | Bought a ring of positive energy for 280 gold pieces
 18658 | Orc:2    | Bought a runed cloak for 277 gold pieces
 18669 | Orc:2    | Bought a brightly glowing plate armour for 1036 gold pieces
 18669 | Orc:2    | Identified the +0 plate armour "Oguaruw" {Str+5 Int+2} (You
                  | bought it in a shop on level 2 of the Orcish Mines)
 18669 | Orc:2    | fail
 18890 | Snake:1  | Entered Level 1 of the Snake Pit
 18952 | Snake:1  | Received a gift from Okawaru
 18975 | Snake:1  | Reached XP level 16. HP: 144/149 MP: 22/22
 19080 | Snake:1  | Found Afamm's Weapon Shoppe.
 19080 | Snake:1  | Found Xer Poam's Antique Armour Emporium.
 19372 | Snake:1  | Reached skill level 13 in Armour
 19810 | Snake:1  | Identified the +5 short sword of the Head {drain, rPois
                  | rCorr}
 20083 | Snake:2  | Received a gift from Okawaru
 20092 | Snake:2  | Reached skill level 14 in Armour
 20133 | Snake:2  | Reached skill level 15 in Armour
 20241 | Snake:2  | Received a gift from Okawaru
 20287 | Snake:2  | Found a glacial archway.
 20295 | IceCv    | Entered an ice cave
 20494 | IceCv    | Reached skill level 7 in Dodging
 20567 | IceCv    | Identified the +1 leather armour of Summer {rElec Str+5
                  | Dex-4}
 21063 | Snake:2  | Reached skill level 10 in Invocations
 21401 | Snake:3  | Noticed Agnes
 21415 | Snake:3  | Killed Agnes
 21415 | Snake:3  | Received a gift from Okawaru
 21428 | Snake:3  | Found a runed translucent gate.
 21431 | Snake:3  | Found a runed translucent gate.
 21431 | Snake:3  | Found a runed translucent gate.
 21432 | Snake:3  | Noticed Goceubra's ghost (journeyman CoFi)
 21707 | Snake:4  | Entered Level 4 of the Snake Pit
 21713 | Snake:3  | Reached skill level 16 in Armour
 22055 | Snake:4  | Received a gift from Okawaru
 22219 | Snake:4  | Reached XP level 17. HP: 108/156 MP: 24/24
 22230 | Snake:4  | HP: 36/156 [naga warrior/+0 battleaxe (5)]
 22233 | Snake:4  | Reached skill level 17 in Armour
 22235 | Snake:4  | HP: 30/156 [poisoned by a naga (splash of poison)]
 22336 | Snake:4  | Identified the +6 chain mail "Vuaw" {Rampage MP+9 Int+2}
 22587 | Snake:4  | Noticed a quicksilver dragon
 22769 | Snake:4  | Killed a quicksilver dragon
 22934 | Snake:4  | Reached skill level 18 in Armour
 23157 | Snake:4  | HP: 39/156 [poisoned by a naga ritualist (toxic radiance)]
 23162 | Snake:4  | HP: 26/156 [poisoned by a naga ritualist (toxic radiance)]
 23213 | Snake:4  | Got a serpentine rune of Zot
 23223 | Snake:4  | Received a gift from Okawaru
 23368 | Shoals:1 | Entered Level 1 of the Shoals
 23545 | Orc:2    | Bought a ring of flight for 227 gold pieces
 23853 | Shoals:1 | Noticed Donald
 23874 | Shoals:1 | Killed Donald
 24245 | Shoals:2 | Reached skill level 8 in Dodging
 24425 | Shoals:2 | Reached skill level 15 in Shields
 24431 | Shoals:2 | Noticed Roxanne
 24501 | Shoals:2 | Reached skill level 18 in Axes
 24722 | Shoals:2 | Killed Roxanne
 24795 | Shoals:3 | Got the Commentary on Ensnaring Invitation
 24880 | Shoals:3 | Received a gift from Okawaru
 25107 | Shoals:3 | Found Ciuraam's General Store.
 25145 | Shoals:3 | Reached skill level 16 in Fighting
 25342 | Shoals:3 | Found Maoptupo's One-of-a-Kind Rings.
 25392 | Shoals:4 | Entered Level 4 of the Shoals
 25477 | Shoals:4 | Reached XP level 18. HP: 127/168 MP: 25/25
 25536 | Shoals:4 | Reached skill level 17 in Fighting
 25544 | Shoals:4 | Received a gift from Okawaru
 26077 | Shoals:4 | Reached skill level 18 in Fighting
 26093 | Shoals:4 | Received a gift from Okawaru
 26124 | Shoals:4 | Identified the +0 chain mail of Dotu {Str+5 Dex-5 SInv}
 26286 | Shoals:4 | Got a barnacled rune of Zot
 26321 | Shoals:4 | Reached skill level 16 in Shields
 26603 | Elf:1    | Entered Level 1 of the Elven Halls
 26684 | Elf:1    | HP: 35/172 [something/shard of ice (28)]
 26715 | Elf:1    | Received a gift from Okawaru
 26784 | Elf:1    | HP: 38/172 [thermic dynamo/rebounding bolt of fire (7)]
 26788 | Elf:1    | HP: 16/172 [thermic dynamo/rebounding bolt of cold (8)]
 27020 | Elf:1    | Reached skill level 17 in Shields
 27115 | Elf:1    | Noticed Frances
 27127 | Elf:1    | Killed Frances
 27163 | Elf:1    | Found a portal to a secret trove of treasure.
 27485 | Abyss:2  | Cast into level 2 of the Abyss (a deep elf demonologist)
 27486 | Abyss:2  | lole
 27565 | Abyss:2  | Found a corrupted altar of Lugonu.
 27573 | Elf:1    | Escaped the Abyss
 27595 | Elf:1    | Found a stormy altar of Qazlal.
 27785 | Elf:2    | Found a runed translucent gate.
 27786 | Elf:2    | Found a runed translucent gate.
 27786 | Elf:2    | Found a runed translucent gate.
 27847 | Elf:2    | Received a gift from Okawaru
 28057 | Elf:2    | Reached skill level 18 in Shields
 28168 | Elf:2    | Reached skill level 11 in Invocations
 28190 | Elf:2    | Reached XP level 19. HP: 144/179 MP: 27/27
 28351 | Orc:1    | Bought a +2 helmet of intelligence for 322 gold pieces
 28501 | Vaults:1 | Entered Level 1 of the Vaults
 28557 | Vaults:1 | Found Wiecuaqa's Armour Emporium.
 28637 | Vaults:1 | Received a gift from Okawaru
 28640 | Vaults:1 | Reached skill level 9 in Dodging
 28669 | Vaults:1 | Found Haohusch's Antique Weapon Emporium.
 29082 | Vaults:1 | Found Doulotopt's Weapon Shoppe.
 29344 | Vaults:1 | Received a gift from Okawaru
 29345 | Vaults:1 | Reached skill level 10 in Dodging
 29763 | Vaults:2 | Reached skill level 11 in Dodging
 29947 | Vaults:2 | Received a gift from Okawaru
 30502 | Vaults:3 | Reached skill level 12 in Dodging
 30624 | Vaults:3 | Received a gift from Okawaru
 30678 | Vaults:3 | Found Yruotan's Magic Scroll Shoppe.
 30744 | Vaults:3 | Found a staircase to the Crypt.
 30744 | Vaults:3 | Found an ancient bone altar of Kikubaaqudgha.
 30745 | Vaults:3 | Found a basalt altar of Yredelemnul.
 30785 | Vaults:3 | Found Qiassun's General Store.
 30910 | Vaults:3 | Reached XP level 20. HP: 86/188 MP: 24/28
 30980 | Vaults:3 | Received a gift from Okawaru
 31098 | Vaults:3 | Reached skill level 12 in Invocations
 31172 | Vaults:3 | pig power
 31208 | Vaults:3 | Found Luoqoria's General Store.
 31364 | Vaults:3 | Found Deoremu's Distillery.
 31370 | Vaults:3 | Bought a potion of might for 76 gold pieces
 31370 | Vaults:3 | Bought a potion of heal wounds for 95 gold pieces
 31598 | Vaults:4 | Paralysed by a sphinx for 3 turns
 31646 | Vaults:4 | F
 31657 | Vaults:4 | Received a gift from Okawaru
 31860 | Vaults:4 | Noticed Sojobo
 31874 | Vaults:4 | Killed Sojobo
 31892 | Vaults:4 | Identified the +0 orcbow of Irritation {freeze, Str+5}
 31929 | Vaults:4 | Reached skill level 13 in Invocations
 31998 | Vaults:4 | Reached skill level 19 in Axes
 32439 | Vaults:4 | Reached skill level 19 in Fighting
 32966 | Depths:1 | Entered Level 1 of the Depths
 33039 | Depths:1 | Received a gift from Okawaru
 33202 | Depths:1 | Reached skill level 20 in Axes
 33255 | Depths:1 | Found a gateway to Hell.
 33417 | Depths:1 | Found a sparkling altar of Nemelex Xobeh.
 33429 | Depths:1 | Found Susickoe's Book Emporium.
 33604 | Depths:1 | Found a one-way gate leading to the halls of Pandemonium.
 33782 | Depths:2 | Found Wouk's Magic Scroll Emporium.
 33994 | Depths:2 | Received a gift from Okawaru
 34010 | Depths:2 | HP: 39/193 [hell hog/fireball (12)]
 34147 | Depths:1 | HP: 45/193 [hell hog/fireball (9)]
 34206 | Depths:1 | Acquired the +7 plate armour "Ifyo" {rPois rN+++ Str-5
                  | Dex+4}
 34206 | Depths:1 | Received a gift from Okawaru
 34326 | Depths:2 | Noticed a hellephant
 34342 | Depths:2 | Killed a hellephant
 34343 | Depths:2 | Reached XP level 21. HP: 115/200 MP: 30/30
 34375 | Depths:2 | Noticed a hellephant
 34404 | Depths:2 | Killed a hellephant
 34406 | Depths:2 | Reached skill level 20 in Fighting
 34686 | Depths:2 | Found a one-way gateway to a ziggurat.
 34692 | Depths:2 | Received a gift from Okawaru
 34938 | Depths:2 | Identified the +0 ring mail "Zared" {rC++ Int+3}
 34956 | Depths:2 | Identified the ring of Hiqy {Will++ Str+6 SInv}
 34981 | Depths:2 | Reached skill level 19 in Shields
 35034 | Depths:2 | nice
 35469 | Depths:3 | Reached skill level 21 in Axes
 35550 | Depths:3 | Reached skill level 19 in Armour
 35552 | Abyss:3  | Cast into level 3 of the Abyss (hell knight)
 35554 | Abyss:3  | FFS that's rude
 35554 | Abyss:3  | he hit me for no damage and still Abyssed me
 35554 | Abyss:3  | they should have to at least do 1 point of damage to Abyss
                  | you
 35664 | Depths:3 | Escaped the Abyss
 35669 | Depths:3 | Received a gift from Okawaru
 35675 | Depths:3 | Gained mutation: You are vulnerable to heat. (rF-) [a
                  | cacodemon]
 35676 | Depths:3 | FU
 35835 | Depths:3 | Found an iron altar of Okawaru.
 35848 | Depths:3 | Identified the +2 falchion of Imbalance {flame, Dex+3}
 36000 | Depths:3 | Found an opulent altar of Gozag.
 36043 | Depths:3 | Found a one-way gate to the infinite horrors of the Abyss.
 36175 | Depths:3 | Got the Catalogue of Orientation and Vapour
 36295 | Depths:4 | Entered Level 4 of the Depths
 36336 | Depths:4 | Received a gift from Okawaru
 36548 | Depths:4 | Noticed a juggernaut
 36556 | Depths:4 | Killed a juggernaut
 36557 | Depths:4 | Reached skill level 20 in Armour
 36558 | Depths:4 | Found a broken altar of Ashenzari.
 36640 | Depths:4 | Reached skill level 20 in Shields
 36796 | Depths:4 | Noticed a golden dragon
 36808 | Depths:4 | Killed a golden dragon
 37154 | Depths:4 | Found a gate to the Realm of Zot.
 37260 | Depths:4 | Found a large runed translucent door.
 37261 | Depths:4 | Found a large runed translucent door.
 37262 | Depths:4 | Noticed Eluafa Diuxt's ghost (veteran TrGl)
 37655 | Shoals:3 | Bought the ring of Ohokyt {rF++ rN+ rCorr Int-3} for 788
                  | gold pieces
 37863 | Elf:3    | Entered Level 3 of the Elven Halls
 37867 | Elf:3    | Received a gift from Okawaru
 37868 | Elf:3    | Reached XP level 22. HP: 209/209 MP: 31/31
 37870 | Elf:3    | Found Muiros's Book Shoppe.
 37987 | Elf:3    | Found a radiant altar of Vehumet.
 38501 | Elf:3    | Reached skill level 21 in Armour
 38637 | Elf:3    | Received a gift from Okawaru
 38673 | Elf:3    | Reached skill level 21 in Shields
 38697 | Elf:3    | Identified the +8 war axe of Sharkskin {freeze, rCorr Str+3
                  | Int+3}
 38697 | Elf:3    | Identified the ring of Voalil {Will+ Str-2 Int-3 Dex+8}
 38842 | Elf:3    | Identified the +4 short sword of Integrity {heavy, Will+
                  | rCorr}
 38851 | Elf:3    | Identified the amulet of the Inquisitive Friars {Acrobat
                  | Dex+4}
 38858 | Elf:3    | Identified the +8 quarterstaff of Conversion {flame, Str+2}
 38865 | Elf:3    | Identified the +9 short sword "Jaul" {heavy, rCorr SInv}
 38885 | Elf:3    | Got the Verses on Bombardment
 39121 | D:11     | Found a runed translucent gate.
 39121 | D:11     | Found a runed translucent gate.
 39126 | D:11     | Found a runed translucent gate.
 39127 | D:11     | Noticed TacoSundae's ghost (journeyman SpAl)
 39141 | D:11     | Killed TacoSundae's ghost
 39154 | D:11     | Identified the +0 pair of boots of Dishonesty {Will- Str+4}
 39349 | Vaults:5 | Entered Level 5 of the Vaults
 39358 | Vaults:4 | Received a gift from Okawaru
 39465 | Vaults:5 | Reached skill level 21 in Fighting
 39547 | Vaults:5 | Received a gift from Okawaru
 39677 | Vaults:5 | Received a gift from Okawaru
 39686 | Vaults:5 | Reached skill level 22 in Fighting
 39766 | Vaults:4 | Reached XP level 23. HP: 168/223 MP: 32/32
 39945 | Vaults:5 | Got a silver rune of Zot
 39953 | Vaults:5 | Got the Discourse on Imprecation
 40082 | Vaults:5 | Found the +4 consecrated labrys {holy, Valiant ^Fragile Fly
                  | SInv}
 40132 | Vaults:5 | Identified the +6 hand axe "Hiamexal" {spect, Fly rN++
                  | Str+4 Dex-4}
 40139 | Vaults:5 | Identified the ring of Liberty {*Slow Str+8 SInv}
 40222 | Vaults:5 | Received a gift from Okawaru
 40272 | Vaults:5 | Identified the +2 helmet "Ifupt" {Will+ Str+2}
 40329 | Vaults:5 | Identified the +2 leather armour of the Lizard {+Inv Str-5
                  | Dex+9 SInv}
 40442 | Vaults:5 | Identified the +3 pair of gloves "Cema" {Int+2}
 40675 | Vaults:5 | Gained mutation: Armour fits poorly on your strangely
                  | shaped body. [a shining eye]
 40684 | Vaults:5 | Lost mutation: You are vulnerable to heat. (rF-) [potion of
                  | mutation]
 40684 | Vaults:5 | Lost mutation: Armour fits poorly on your strangely shaped
                  | body. [potion of mutation]
 40684 | Vaults:5 | Gained mutation: You passively dampen the noise of your
                  | surroundings. [potion of mutation]
 40685 | Vaults:5 | ftw
 40774 | Vaults:5 | Reached skill level 22 in Armour
 40800 | Vaults:5 | Identified the +2 glaive "Sitagiv" {freeze, rN+ Will+ Str-5
                  | Dex+3}
 40800 | Vaults:5 | Identified the +6 leather armour of Guylaesmixt {Will+}
 41181 | Vaults:3 | Bought a scroll of enchant armour for 75 gold pieces
 41181 | Vaults:3 | Bought a scroll of revelation for 75 gold pieces
 41202 | Vaults:3 | Bought a scroll of enchant armour for 75 gold pieces
 41202 | Vaults:3 | Upgraded the game from 0.32-a0-909-gc671339a80 to
                  | 0.32-a0-913-g739538afd8
 41411 | Snake:1  | Bought an embroidered scarf for 240 gold pieces
 41423 | Snake:1  | Bought a pair of embroidered boots for 225 gold pieces
 41665 | Vaults:3 | Bought a potion of resistance for 190 gold pieces
 41665 | Vaults:3 | Bought a potion of curing for 57 gold pieces
 41665 | Vaults:3 | Bought a potion of invisibility for 152 gold pieces
 41719 | Vaults:3 | Bought a potion of mutation for 80 gold pieces
 41719 | Vaults:3 | Bought a potion of curing for 30 gold pieces
 41719 | Vaults:3 | Bought a potion of cancellation for 80 gold pieces
 41913 | Depths:2 | Bought a scroll of blinking for 142 gold pieces
 41913 | Depths:2 | Bought a scroll of silence for 180 gold pieces
 41913 | Depths:2 | Bought a scroll of teleportation for 57 gold pieces
 42023 | Depths:4 | Killed Eluafa Diuxt's ghost
 42028 | Depths:4 | Identified the ring of Wiot {rF+ rC+ Stlth+}
 42111 | Zot:1    | Entered Level 1 of the Realm of Zot
 42297 | Zot:1    | Reached skill level 14 in Invocations
 42320 | Zot:1    | Reached skill level 13 in Dodging
 42324 | Zot:1    | Received a gift from Okawaru
 42363 | Zot:1    | Noticed a curse toe
 42363 | Zot:1    | Noticed a curse toe
 42371 | Zot:1    | Killed a curse toe
 42375 | Zot:1    | Killed a curse toe
 42595 | Zot:2    | Reached skill level 15 in Invocations
 42624 | Zot:1    | Found the +4 dragonskin cloak {Aegis}
 42624 | Zot:1    | Noticed Tiamat
 42753 | Zot:3    | Identified the ring of the Rabble {Str+3 Dex+6}
 42915 | Zot:4    | Noticed a Killer Klown
 42940 | Zot:3    | Received a gift from Okawaru
 43025 | Zot:4    | Killed a Killer Klown
 43056 | Zot:4    | Reached skill level 14 in Dodging
 43087 | Zot:5    | Entered Level 5 of the Realm of Zot
 43119 | Zot:4    | Found a transporter.
 43219 | Zot:5    | Noticed an ancient lich
 43232 | Zot:5    | Killed an ancient lich
 43232 | Zot:5    | Received a gift from Okawaru
 43233 | Zot:5    | Reached XP level 24. HP: 231/231 MP: 34/34
 43258 | Zot:5    | HP: 47/231 [??? (23)]
 43301 | Zot:5    | Noticed an electric golem
 43309 | Zot:5    | Killed an electric golem
 43311 | Zot:5    | Noticed an orb of fire
 43312 | Zot:5    | Noticed a Killer Klown
 43312 | Zot:5    | Noticed a Killer Klown
 43313 | Zot:5    | awkward
 43327 | Zot:5    | Gained mutation: You are clumsy. (Dex -2) [an orb of fire]
 43334 | Zot:5    | Gained mutation: Your health recovers twice as slowly from
                  | being drained. [an orb of fire]
 43339 | Zot:5    | Killed an orb of fire
 43360 | Zot:4    | Noticed an ancient lich
 43362 | Zot:4    | Noticed an orb of fire
 43364 | Zot:4    | Reached skill level 15 in Dodging
 43365 | Zot:4    | Identified the +0 cloak of Rotation {rPois Str+3}
 43383 | Zot:5    | Killed a Killer Klown
 43406 | Zot:5    | Noticed a Killer Klown
 43430 | Zot:5    | Killed a Killer Klown
 43433 | Zot:5    | Killed a Killer Klown
 43433 | Zot:5    | Received a gift from Okawaru
 43458 | Zot:5    | Noticed an orb of fire
 43460 | Zot:5    | Gained mutation: You are frail. (-10% HP) [an orb of fire]
 43467 | Zot:5    | Killed an orb of fire
 43476 | Zot:5    | Noticed a Killer Klown
 43483 | Zot:5    | Killed a Killer Klown
 43491 | Zot:5    | Noticed a dread lich
 43501 | Zot:5    | Killed a dread lich
 43531 | Zot:5    | Received a gift from Okawaru
 43532 | Zot:5    | Reached skill level 16 in Dodging
 43560 | Zot:5    | Got the Orb of Zot
 43818 | Depths:4 | Reached skill level 16 in Invocations
 43913 | D:15     | Noticed an Ice Fiend
 43917 | D:15     | Killed an Ice Fiend
 43982 | D:14     | Noticed Zueshri the pandemonium lord
 43987 | D:13     | Noticed a Brimstone Fiend
 43992 | D:13     | Killed a Brimstone Fiend
 44303 | D:$      | Escaped with the Orb!

Levels and vault maps discovered:
D:1:      scummos_arrival_simple_fountains, layout_rooms, minmay_misc_feat_iff
D:2:      layout_rooms, dreamdust_ecumenical_altar_sealed_demon, uniq_jessica,
          uniq_crazy_yiuf_cottage
D:3:      layout_loops_corners, slow_altar_2, uniq_terence
D:4:      layout_loops_corners, mainiacjoe_overflow_catwalk, lightli_minifort
D:5:      layout_gridville, minmay_ruined_shrine
D:6:      layout_basic, old_standard_altar, serial_shops,
          nicolae_shop_hallway_stairs
D:7:      layout_cave_pools, minmay_temple_entry_ruins, enter_bailey_4,
          uniq_jeremiah, uniq_menkaure, uniq_pikel
D:8:      layout_basic, ebering_ghost_xom, uniq_joseph, uniq_prince_ribbit1
D:9:      layout_loops_ring, fedhas_altar_2, kennysheep_little_box
D:10:     layout_stronghold, orc_0_dummy
D:11:     layout_basic, due_lair_maze_entry_diamond, gauntlet_entry_generic,
          ploomutoo_gammafunk_ghost_potion_laboratory
D:12:     layout_stronghold
D:13:     layout_basic, grunt_vaults_entry_fortified, grunt_tough_drop
D:14:     layout_rooms, infiniplex_staircase_pillars_1, serial_shops,
          nicolae_shop_overgrown_old_shop
D:15:     hellmonk_depths_entry_around_the_bend, layout_basic,
          serial_park_tiny_pond, nicolae_benzene_ring
Temple:   minmay_temple_bridge_d
Lair:1:   layout_regular_city, nzn_random_ring, grunt_megastairs_2, uniq_grum
Lair:2:   layout_cave_shapes, minmay_shoals_entry_hut,
          guppyfry_snake_entry_garden, beast_lair_carwin_1, uniq_gastronok
Lair:3:   layout_concentric_octagons
Lair:4:   dpeg_oklob_gauntlet, layout_gridlike, uniq_rupert
Lair:5:   evilmike_catoblepas_cave, layout_misc_corridors, slime_entry_2,
          basic_altar, gammafunk_ghost_hydra_chop, uniq_kirke
Shoals:1: layout_shoals, nicolae_shoals_sun_and_surf, uniq_donald
Shoals:2: layout_shoals, uniq_roxanne
Shoals:3: layout_shoals, serial_shops, nicolae_shop_trees,
          nicolae_shop_unique_rings
Shoals:4: shoals_end_hellmonk_lost_city
Snake:1:  layout_gridlike, nicolae_snake_lava_pool, grunt_megastairs_5,
          minmay_shoptagon
Snake:2:  layout_chambers, portal_ice_cave_entry_dragon,
          nicolae_snake_biting_tails, nicolae_coiled_stairwell_up,
          grunt_megastairs_1
Snake:3:  layout_rooms, ebering_ghost_rock_garden,
          nicolae_twisty_statue_hallways, uniq_agnes
Snake:4:  hellmonk_snake_rune_quicksilver_temple, layout_cave_town, drop_trap
Orc:1:    layout_caves, serial_shops, shop, uniq_erolcha
Orc:2:    st_orc_congregation, layout_caves
Elf:1:    minmay_elf_arrival_plus, layout_onion_city,
          nicolae_trove_entry_diagonal, nicolae_elf_altarnating, uniq_frances
Elf:2:    nicolae_elf_blades_crystal_corner, layout_geoelf_grid,
          grunt_ministairs_12
Elf:3:    elf_hall, layout_rooms, serial_shops, shop, basic_altar,
          roderic_roman_lattice, minmay_misc_feat_alley, kb_rosetta
Vaults:1: nicolae_vaults_three_branches, vaults_room_door_ring,
          nicolae_vaults_circle_grid_a, hangedman_vaults_capsules,
          nicolae_vaults_tetromino_Z_1, v_misc_9, layout_vaults_omnicross,
          serial_shops, shop, nicolae_shop_overgrown_old_shop,
          nicolae_shop_scrapyard
Vaults:2: v_alt_pattern_5, nicolae_vaults_house_3, v_misc_2,
          nicolae_vaults_apartment_1, v_pattern_3, nicolae_vaults_tetromino_T_1,
          nicolae_vaults_six-pack, layout_vaults_big_room
Vaults:3: ontoclasm_vaults_tryst, minmay_crypt_entry_necro_gods,
          nicolae_vaults_closet_pinwheel_5, v_misc_8,
          nicolae_vaults_network_quinsquares
          [nicolae_vaults_network_quincunx_subvault,
          nicolae_vaults_network_quincunx_subvault,
          nicolae_vaults_network_quincunx_subvault,
          nicolae_vaults_network_quincunx_subvault], nicolae_vaults_wine_cellar,
          vaults_dpeg_diagonal, layout_vaults_omnigrid, serial_shops, shop,
          shop, nicolae_shop_trees, nicolae_square_shop
Vaults:4: ontoclasm_vaults_ring_small, nicolae_vaults_variable_pillar_hall,
          ontoclasm_vaults_fault, nicolae_vaults_shrinking_rooms_1,
          nicolae_vaults_little_squares_5, vaults_standard_mumra_lines,
          vaults_room_fancy_cross, v_misc_5, nicolae_vaults_angled_halls,
          nicolae_vaults_mitosis, nicolae_vaults_enemy_cabinets,
          nicolae_vaults_trapezoid_2, nicolae_vaults_shelves_hall, v_misc_29,
          vaults_dpeg_ring, layout_vaults_ring, uniq_sojobo
Vaults:5
Depths:1: layout_forbidden_donut, nemelex_altar_shiori, serial_shops,
          nicolae_shop_temple_entry_statues_fountains, hell_entry,
          rand_demon_pan_entry_9, hangedman_decor_clover_reticule,
          kennysheep_boxes
Depths:2: minmay_the_grid_triangle_9x9_rhombus_full
          [minmay_the_grid_triangle_9x9_checkered,
          minmay_the_grid_triangle_9x9_flanged_cone,
          minmay_the_grid_triangle_9x9_negative_grid,
          minmay_the_grid_triangle_9x9_longest,
          minmay_the_grid_triangle_9x9_windchime,
          minmay_the_grid_triangle_9x9_cache,
          minmay_the_grid_triangle_9x9_pentomino_pain,
          minmay_the_grid_triangle_9x9_prize_center], layout_cave_pools,
          enter_ziggurat_c, pan_entry, grunt_hell_horde, serial_shops,
          nicolae_diamond_shop, statue_in_the_mist_lemuel
Depths:3: kennysheep_demon_jail, layout_cave_pools,
          regret_index_abyss_entry_earlier_magic, hell_entry,
          nicolae_gozag_cash_rules_everything_around_me,
          okawaru_ov_weapons_minmay
Depths:4: grunt_zot_entry_gee_three, layout_basic, nicolae_ashenzari_panopticon,
          ebering_ghost_disaster_area, hell_entry, nicolae_eternal_life,
          grunt_decor_arrowhead
Zot:1:    regret_index_zot_pan_timeshare, layout_basic, uniq_tiamat
Zot:2:    layout_concentric_octagons, hangedman_zot_decor_checkerboard
Zot:3:    layout_basic
Zot:4:    gammafunk_sealed_library, layout_onion_interference
Zot:5:    layout_gridlike, skrybe_zot_glass_2

Action                     |  1- 3 |  4- 6 |  7- 9 | 10-12 | 13-15 | 16-18 | 19-21 | 22-24 || total
---------------------------+-------+-------+-------+-------+-------+-------+-------+-------++-------
  Melee: Dagger            |    37 |    86 |   171 |    41 |    21 |       |       |       ||   356
         Short sword       |    72 |    93 |       |       |       |       |       |       ||   165
         Battleaxe         |       |       |    38 |   476 |   434 |       |       |       ||   948
         War axe           |       |       |    11 |       |       |       |       |       ||    11
         Mace              |       |       |     8 |       |       |       |       |       ||     8
         Dire flail        |       |       |       |    10 |    15 |       |       |       ||    25
         Broad axe         |       |       |       |       |   551 |  1103 |  1098 |   876 ||  3628
         Unarmed           |       |       |       |       |       |       |    20 |       ||    20
  Throw: Stone             |     1 |       |     9 |     1 |       |       |       |       ||    11
         Dart              |     2 |    17 |    21 |     5 |     4 |     6 |       |       ||    55
         Boomerang         |     1 |       |    20 |    30 |    28 |     6 |    12 |     5 ||   102
         Throwing net      |       |       |     1 |       |       |       |       |       ||     1
         Javelin           |       |       |       |     1 |    16 |    38 |    10 |    52 ||   117
 Invoke: Heroism           |       |       |       |     9 |    15 |    26 |    15 |    31 ||    96
         Receive Weapon    |       |       |       |       |     1 |       |       |       ||     1
         Finesse           |       |       |       |       |       |       |     1 |     1 ||     2
         Receive Armour    |       |       |       |       |       |       |     1 |       ||     1
  Evoke: Wand              |       |       |    26 |    12 |     6 |     3 |     1 |       ||    48
         Lightning rod     |       |       |       |       |     4 |       |       |       ||     4
         Condenser vane    |       |       |       |       |       |       |       |     1 ||     1
    Use: Scroll            |       |     5 |     2 |     7 |    17 |     7 |     9 |     7 ||    54
         Potion            |       |       |     1 |     3 |     4 |     6 |     2 |     9 ||    25
   Stab: Sleeping          |     2 |    13 |     2 |       |       |       |       |       ||    17
         Distracted        |       |     1 |       |       |       |       |     2 |       ||     3
         Paralysed         |       |       |       |     2 |       |       |       |       ||     2
         Invisible         |       |       |       |       |     4 |       |       |       ||     4
         Confused          |       |       |       |       |       |       |       |     1 ||     1
 Armour: Robe              |    67 |    68 |   131 |    14 |       |       |       |       ||   280
         Chain mail        |       |       |    39 |   478 |   537 |   732 |   450 |       ||  2236
         Plate armour      |       |       |       |       |       |       |   234 |   673 ||   907
         Skin              |       |       |       |       |       |       |     7 |       ||     7
  Dodge: Dodged            |    49 |    59 |    95 |   237 |   235 |   359 |   504 |   373 ||  1911
         Repelled          |       |       |       |       |       |       |       |    60 ||    60
  Block: Buckler           |       |    20 |    27 |       |       |       |       |       ||    47
         Other             |       |       |       |   105 |    64 |       |     2 |       ||   171
         Reflection        |       |       |       |     3 |    49 |   164 |    55 |       ||   271
         Tower shield      |       |       |       |       |   642 |  1736 |  1996 |  1371 ||  5745
